 Dungeon Crawl Stone Soup version 0.22.1-2-g9c5b331383 (webtiles) character file.

20725 Revguard the Basher (level 12, -2/165 HPs)
             Began as a Minotaur Gladiator on Dec 8, 2018.
             Slain by a wolf (3 damage)
             ... on level 5 of the Lair of Beasts.
             The game lasted 00:37:45 (11775 turns).

Revguard the Basher (Minotaur Gladiator)           Turns: 11775, Time: 00:37:46

Health: -2/165     AC: 26    Str: 30    XL:     12   Next: 47%
Magic:  12/12      EV:  2    Int:  5    God:
Gold:   829        SH:  0    Dex: 21    Spells: 11/11 levels left

rFire    . . .     SeeInvis .   E - +2 battleaxe
rCold    + . .     Gourm    .   (shield currently unavailable)
rNeg     + + +     Faith    .   (armour currently unavailable)
rPois    +         Spirit   .   (helmet currently unavailable)
rElec    .         Reflect  .   (cloak currently unavailable)
rCorr    .         Harm     .   (gloves currently unavailable)
MR       .....     NoTele   +   (boots currently unavailable)
Stlth    +++.......             K - amulet of regeneration
HPRegen  0.77/turn              t - ring of protection from cold
MPRegen  0.13/turn              J - +3 ring of strength

@: mighty, agile, tree-form
A: (retaliatory headbutt), thin skeletal structure 1, high mp 1
a: no special abilities


You were on level 5 of the Lair of Beasts.
You were not hungry.
You were a tree.
You visited 3 branches of the dungeon, and saw 14 of its levels.
You also visited: Sewer.

You collected 829 gold pieces.

Inventory:

Hand Weapons
 B - the +2 morningstar of the Bear {crush, Dex+3}
   (You found it on level 5 of the Dungeon)

   It inflicts extra damage upon your enemies.
   It affects your dexterity (+3).
 E - a +2 battleaxe (weapon)
Missiles
 d - 3 throwing nets (quivered)
Armour
 c - a +0 hat (melded)
 z - a +1 cloak (melded)
 N - the +0 scale mail of the Sixty-Six Deaths (melded) {Str+6 Dex+4}
   (You found it on level 1 of the Lair of Beasts)

   It affects your strength (+6).
   It affects your dexterity (+4).
 Q - a +0 crystal plate armour
Jewellery
 i - an uncursed ring of stealth
 m - an uncursed ring of protection from fire
 n - a -2 ring of intelligence
 o - an uncursed amulet of the gourmand
 t - a ring of protection from cold (left branch)
 u - an uncursed amulet of magic regeneration
 C - an uncursed ring of ice
 I - an uncursed ring of wizardry
 J - a +3 ring of strength (right branch)
 K - an amulet of regeneration (around neck)
 O - an uncursed amulet of rage
Wands
 r - a wand of iceblast (27)
 H - a wand of random effects (79)
 P - a wand of disintegration (14)
 S - a wand of clouds (4)
Scrolls
 a - 2 scrolls of magic mapping
 k - 5 scrolls of remove curse
 p - 4 scrolls of teleportation
 q - 2 scrolls of fear
 s - 5 scrolls of enchant armour
 w - 4 scrolls of amnesia {unknown}
 x - 2 scrolls of blinking {unknown}
 y - 2 scrolls of random uselessness {unknown}
 A - a scroll of identify
 G - a scroll of holy word {unknown}
 M - 2 scrolls of silence {unknown}
 R - a scroll of immolation {unknown}
 U - a scroll of enchant weapon {unknown}
Potions
 b - a potion of flight
 e - 7 potions of curing
 g - a potion of brilliance
 h - 2 potions of might
 j - 2 potions of degeneration
 l - 3 potions of cancellation
 v - a potion of berserk rage
 D - a potion of lignification
 T - 2 potions of haste
 V - a potion of magic {unknown}
 W - a potion of resistance {unknown}
Comestibles
 f - 26 rations


   Skills:
 + Level 11.2 Fighting
 - Level 9.5(12.9) Axes
 + Level 14.1(15.1) Maces & Flails
 - Level 2.0 Throwing
 + Level 10.8 Armour
 + Level 9.5 Dodging


You had 11 spell levels left.
You didn't know any spells.
Your spell library was empty.

Dungeon Overview and Level Annotations

Branches:
Dungeon (8/15)             Temple (1/1) D:5            Lair (5/6) D:8
  Swamp (0/4) Lair:4       Spider (0/4) Lair:3
  Slime: Lair:5-6

Altars:
Ashenzari
Cheibriados
Dithmenos
Elyvilon
Fedhas
Gozag
Hepliaklqana
Kikubaaqudgha
Makhleb
Nemelex Xobeh
Okawaru
Qazlal
Ru
Sif Muna
Trog
Uskayaw
Vehumet
Wu Jian
Xom
Yredelemnul
Zin
The Shining One

Shops:
D:6 }

Annotations:
D:8 3 runed doors


Innate Abilities, Weirdness & Mutations

((You reflexively headbutt those who attack you in melee.))
((You have a pair of horns on your head.))
((You have sharp toenails.))
You have a somewhat thin skeletal structure. (Dex +2, Stealth)
You have an increased reservoir of magic. (+10% MP)


Message History

* * * LOW HITPOINT WARNING * * *
The wolf bites you.
* * * LOW HITPOINT WARNING * * *
The wolf bites you but does no damage. x3; The blink frog blinks!
The wolf bites you but does no damage. The wolf bites you.
* * * LOW HITPOINT WARNING * * *
The wolf bites you but does no damage.
Okay, then.
You slice the wolf!!
You kill the wolf!
You barely miss the wolf. You hit the wolf. You closely miss the wolf.
You slice the wolf!!
You kill the wolf!
You closely miss the wolf. You slash the wolf!
You kill the wolf!
You slash the wolf!
The wolf bites you but does no damage. x2
The wolf bites you.
* * * LOW HITPOINT WARNING * * *
The wolf bites you but does no damage. x4; The wolf bites you.
You die...

...................
.....................
....................
.......#...).......
.......##.........# P
................#.## ...
..............##h..#$...
............##.hhhF..F.!
...........#..rh♣hk§..#
..........##.††hth......
.....†...##.....HtF#....
......†.##........## ...
...######..⌠....### P
..#.⌠.##.........
.#................
.#⌠.<....⌠.<.⌠..⌠..
.#.†.....[..


You could see a hippogriff, 3 blink frogs, a rime drake, 2 crocodiles, 8 wolves
and a porcupine.

Vanquished Creatures
  4 hydras
  Nergalle (Lair:1)
  An oklob plant (Lair:3)
  Pikel (D:4)
  A wolf spider (Lair:3)
  7 spiny frogs
  2 rime drakes
  2 komodo dragons
  3 jumping spiders (Lair:3)
  A queen bee (Lair:2)
  A polar bear (Lair:3)
  5 blink frogs
  A hippogriff (Lair:5)
  16 yaks
  A steam dragon (D:7)
  3 basilisks
  4 porcupines
  8 water moccasins
  3 ice beasts
  A sky beast (D:8)
  21 wolves
  2 ogres
  A centaur (D:6)
  11 crocodiles
  Blork the orc (D:4)
  16 bullfrogs
  2 scorpions
  5 wights (D:7)
  24 killer bees (Lair:2)
  2 electric eels
  6 crimson imps
  2 bullfrog zombies
  A quasit (D:7)
  2 gnoll shamans
  2 hounds
  An orc priest (D:6)
  A bullfrog skeleton (D:7)
  7 orc wizards
  An iguana (D:6)
  Terence (D:2)
  8 worker ants
  A hound zombie (D:8)
  13 gnolls
  11 adders
  A howler monkey skeleton (D:7)
  2 shadow imps
  An ooze (D:5)
  A worm (D:3)
  2 dart slugs (D:1)
  7 leopard geckos
  21 orcs
  5 giant cockroaches
  11 goblins
  8 hobgoblins
  11 jackals
  3 kobolds
  2 quokkas
  2 ball pythons
  9 bats
  3 frilled lizards
  A jackal skeleton (D:4)
  2 jackal zombies
  A leopard gecko zombie (D:8)
  7 rats
  A fungus (Lair:4)
309 creatures vanquished.

Vanquished Creatures (others)
  A plant (Lair:2)
1 creature vanquished.

Grand Total: 310 creatures vanquished

Notes
Turn   | Place    | Note
-------+----------+-------------------------------------------
     0 | D:1      | Revguard the Minotaur Gladiator began the quest for the
                  | Orb.
     0 | D:1      | Reached XP level 1. HP: 18/18 MP: 0/0
   126 | D:1      | Reached XP level 2. HP: 25/25 MP: 1/1
   622 | D:1      | Reached XP level 3. HP: 31/31 MP: 2/2
  1211 | D:2      | Noticed Terence
  1220 | D:2      | Killed Terence
  1220 | D:2      | Reached skill level 1 in Armour
  1220 | D:2      | Reached XP level 4. HP: 34/38 MP: 3/3
  1409 | D:2      | Found a burning altar of Makhleb.
  1772 | D:3      | Reached skill level 5 in Axes
  2187 | D:3      | Reached XP level 5. HP: 35/45 MP: 4/4
  2664 | D:4      | Reached XP level 6. HP: 43/52 MP: 5/5
  3115 | D:4      | Found a radiant altar of Vehumet.
  3115 | D:4      | Found a sacrificial altar of Ru.
  3131 | D:4      | Found a stormy altar of Qazlal.
  3322 | D:4      | Noticed a slave
  3324 | D:4      | Noticed Pikel
  3324 | D:4      | Noticed a slave
  3325 | D:4      | Noticed a slave
  3325 | D:4      | Noticed a slave
  3342 | D:4      | Killed Pikel
  3342 | D:4      | Reached skill level 5 in Dodging
  3342 | D:4      | Reached XP level 7. HP: 26/60 MP: 6/6
  3594 | D:4      | Noticed Blork the orc
  3606 | D:4      | Killed Blork the orc
  3606 | D:4      | Reached skill level 5 in Fighting
  3705 | D:5      | Entered Level 5 of the Dungeon
  3705 | D:5      | Found a sparkling altar of Nemelex Xobeh.
  3732 | D:5      | Found a glowing drain.
  3739 | Sewer    | Entered a sewer
  3774 | Sewer    | Gained mutation: You have sharp fingernails. [potion of
                  | mutation]
  3774 | Sewer    | Gained mutation: You have an increased reservoir of magic.
                  | (+10% MP) [potion of mutation]
  3774 | Sewer    | Gained mutation: You are partially covered in icy blue
                  | scales. (AC +2) [potion of mutation]
  3779 | Sewer    | Reached XP level 8. HP: 17/68 MP: 7/7
  4166 | D:5      | Found a staircase to the Ecumenical Temple.
  4188 | Temple   | Entered the Ecumenical Temple
  4741 | D:5      | Reached skill level 5 in Armour
  4816 | D:5      | Found an ornate altar of the Wu Jian Council.
  4840 | D:5      | Got a smoking morningstar
  4841 | D:5      | Identified the +2 morningstar of the Bear {crush, Dex+3}
                  | (You found it on level 5 of the Dungeon)
  4846 | D:5      | Found a shadowy altar of Dithmenos.
  4899 | D:5      | Found a deep blue altar of Sif Muna.
  4899 | D:5      | Found a glowing silver altar of Zin.
  5263 | D:6      | Found Yladilam's Gadget Shoppe.
  5313 | D:6      | Reached skill level 1 in Maces & Flails
  5342 | D:6      | Reached skill level 2 in Maces & Flails
  5355 | D:6      | Reached skill level 3 in Maces & Flails
  5355 | D:6      | Reached XP level 9. HP: 62/78 MP: 8/8
  5623 | D:6      | Reached skill level 4 in Maces & Flails
  6080 | D:7      | Reached skill level 5 in Maces & Flails
  6372 | D:7      | Found a shattered altar of Ashenzari.
  6374 | D:7      | Found an opulent altar of Gozag.
  6638 | D:7      | Reached skill level 6 in Maces & Flails
  6835 | D:8      | Found a staircase to the Lair.
  6924 | D:8      | Reached skill level 7 in Maces & Flails
  7193 | D:8      | Found a snail-covered altar of Cheibriados.
  7457 | D:8      | Found a runed gate.
  7457 | D:8      | Found a runed gate.
  7457 | D:8      | Found a runed gate.
  7461 | D:8      | Noticed a green ugly thing
  7461 | D:8      | Noticed a red ugly thing
  7576 | D:8      | Noticed a glowing orange brain
  7576 | D:8      | Noticed a cyan ugly thing
  7576 | D:8      | Noticed a cyan ugly thing
  7675 | Lair:1   | Entered Level 1 of the Lair of Beasts
  7679 | Lair:1   | Reached skill level 8 in Maces & Flails
  7687 | Lair:1   | Lost mutation: You have sharp fingernails. [potion of
                  | mutation]
  7687 | Lair:1   | Lost mutation: You are partially covered in icy blue
                  | scales. (AC +2) [potion of mutation]
  7687 | Lair:1   | Gained mutation: You have sharp toenails. [potion of
                  | mutation]
  7687 | Lair:1   | Gained mutation: You have a somewhat thin skeletal
                  | structure. (Dex +2, Stealth) [potion of mutation]
  7765 | Lair:1   | Noticed a komodo dragon
  7772 | Lair:1   | Killed a komodo dragon
  7772 | Lair:1   | Reached XP level 10. HP: 77/88 MP: 10/10
  7789 | Lair:1   | Got a twisted scale mail
  7791 | Lair:1   | Identified the +0 scale mail of the Sixty-Six Deaths {Str+6
                  | Dex+4} (You found it on level 1 of the Lair of Beasts)
  8042 | Lair:1   | Noticed Nergalle
  8058 | Lair:1   | Killed Nergalle
  8058 | Lair:1   | Reached skill level 9 in Maces & Flails
  8486 | Lair:2   | Reached skill level 10 in Maces & Flails
  8565 | Lair:2   | Noticed a spiny frog
  8575 | Lair:2   | Killed a spiny frog
  8610 | Lair:2   | Reached skill level 11 in Maces & Flails
  8616 | Lair:2   | Reached XP level 11. HP: 82/97 MP: 11/11
  9513 | Lair:3   | Reached skill level 12 in Maces & Flails
  9708 | Lair:3   | Found a hole to the Spider Nest.
  9708 | Lair:3   | Noticed a wolf spider
  9716 | Lair:3   | Killed a wolf spider
  9869 | Lair:3   | Noticed an oklob plant
  9931 | Lair:3   | Reached skill level 10 in Fighting
 10152 | Lair:3   | Found a stormy altar of Qazlal.
 10167 | Lair:3   | Noticed a six-headed hydra
 10174 | Lair:3   | Killed a six-headed hydra
 10441 | Lair:3   | Killed an oklob plant
 10525 | Lair:4   | Reached skill level 13 in Maces & Flails
 10559 | Lair:4   | Noticed a six-headed hydra
 10565 | Lair:4   | Killed a six-headed hydra
 10566 | Lair:4   | Reached XP level 12. HP: 44/107 MP: 12/12
 10735 | Lair:4   | Reached skill level 10 in Armour
 10877 | Lair:4   | Noticed an eight-headed hydra
 10880 | Lair:4   | Killed an eight-headed hydra
 11079 | Lair:4   | Found a staircase to the Swamp.
 11730 | Lair:5   | Noticed a five-headed hydra
 11738 | Lair:5   | Killed a five-headed hydra
 11740 | Lair:5   | Reached skill level 14 in Maces & Flails
 11774 | Lair:5   | HP: 4/165 [wolf (5)]
 11774 | Lair:5   | HP: 1/165 [wolf (2)]
 11775 | Lair:5   | Slain by a wolf

Skill      XL: |  1  2  3  4  5  6  7  8  9 10 11 12 |
---------------+-------------------------------------+-----
Axes           | 4 5 7 8 9 |  9.5
Fighting       | 3 4 5 6 7 9 10 11 | 11.2
Dodging        | 4 5 6 7 8 9 |  9.5
Armour         | 1 2 3 4 5 7 9 10 | 10.8
Maces & Flails | 3 8 11 13 14 | 14.1
Throwing       | |  2.0

Action                   |  1- 3 |  4- 6 |  7- 9 | 10-12 || total
-------------------------+-------+-------+-------+-------++-------
Melee: War axe           |    49 |    79 |   102 |       ||   230
       Headbutt          |     8 |    14 |    56 |    78 ||   156
       Morningstar       |       |       |   176 |   288 ||   464
       Kick              |       |       |     1 |   134 ||   135
       Battleaxe         |       |       |       |     2 ||     2
  Use: Scroll            |     2 |     7 |     6 |     9 ||    24
       Potion            |       |       |     4 |     8 ||    12
 Stab: Sleeping          |       |       |     2 |     1 ||     3
  Eat: Chunk             |       |    16 |    13 |       ||    29
       Ration            |       |       |       |     2 ||     2
Armor: Leather armour    |    15 |    16 |    69 |       ||   100
       Chain mail        |       |       |     1 |       ||     1
       Scale mail        |       |       |       |    88 ||    88
       Skin              |       |       |       |   173 ||   173
Dodge: Dodged            |    50 |    82 |   247 |   322 ||   701
